 Dungeon Crawl Stone Soup version 0.24-a0-613-g1ff6aac338 (webtiles) character file.

Game seed: 7278100126488374051, levelgen mode: deterministic

28 Jorund the Chopper (level 3, 21/28 HPs)
             Began as a Demonspawn Gladiator on Sept 12, 2019.
             Quit the game on level 1 of the Dungeon.
             The game lasted 00:01:08 (1314 turns).

Jorund the Chopper (Demonspawn Gladiator)           Turns: 1314, Time: 00:01:08

Health: 21/28      AC:  4    Str: 14    XL:     3   Next: 0%
Magic:  3/3        EV: 12    Int: 10    God:
Gold:   11         SH:  0    Dex: 14    Spells: 2/2 levels left

rFire    . . .     SeeInvis .   a - +0 war axe
rCold    + . .     Gourm    .   (no shield)
rNeg     . . .     Faith    .   b - +0 leather armour
rPois    .         Spirit   +   c - +0 helmet
rElec    .         Reflect  .   (no cloak)
rCorr    .         Harm     .   (no gloves)
MR       .....                  (no boots)
Stlth    +.........             (no amulet)
HPRegen  0.09/turn              (no ring)
MPRegen  0.08/turn              (no ring)

@: no status effects
A: cold resistance 1, magic shield
a: no special abilities


You were on level 1 of the Dungeon.
You were not hungry.

You visited 1 branch of the dungeon, and saw 1 of its levels.

You collected 11 gold pieces.

Inventory:

Hand Weapons
 a - a +0 war axe (weapon)
 h - a +0 dagger of venom
Missiles
 d - 3 throwing nets (quivered)
Armour
 b - a +0 leather armour (worn)
 c - a +0 helmet (worn)
Jewellery
 i - a cursed ring of attention {unknown}
Scrolls
 g - 3 scrolls of amnesia {unknown}
Potions
 e - a potion of flight {unknown}
Comestibles
 f - 4 rations


   Skills:
 + Level 2.3 Fighting
 + Level 3.6 Axes
 - Level 1.7 Throwing
 + Level 0.1 Armour
 - Level 2.6 Dodging


You had 2 spell levels left.
You didn't know any spells.
Your spell library was empty.

Dungeon Overview and Level Annotations

Branches:
Dungeon (1/15)

Altars:


Innate Abilities, Weirdness & Mutations

Your flesh is cold resistant. (rC+)
When hurt, damage is shared between your health and your magic reserves.


Message History

The kobold hits you but does no damage. x2
You closely miss the kobold.
The kobold is heavily wounded.
You barely miss the hobgoblin. You hit the kobold but do no damage.
The hobgoblin barely misses you. The kobold misses you.
The kobold hits you but does no damage.
The hobgoblin hits you but does no damage.
You hit the kobold.
You kill the kobold!
You hit the hobgoblin but do no damage. You hit the kobold.
The kobold barely misses you. The hobgoblin closely misses you.
You slash the kobold!
You kill the kobold!
You have reached level 3!
Your experience leads to an increase in your attributes!
Increase (S)trength, (I)ntelligence, or (D)exterity?
You feel clever.
Your demonic ancestry asserts itself...
You feel your magical essence form a protective shroud around your flesh.
You closely miss the hobgoblin. The hobgoblin barely misses you.
Are you sure you want to abandon this character and quit the game? (Confirm with "yes".)

.. .#... ..........
.#.##
..........#########.....
#........#.........###.#
#...>....#.........+....
...................###.#
...........##...........
#.....)g.#.##.########..
#..##)@##.##.# #...#
#.........##.# #...#
######.....†÷# #...#
#.....(.######...#
#......>+....'....
#.......######...#
#.......# #...#
#.......# #...#
#.......# #####


You could see a hobgoblin.

Vanquished Creatures
  2 dart slugs (D:1)
  3 leopard geckos (D:1)
  3 giant cockroaches (D:1)
  2 goblins (D:1)
  2 hobgoblins (D:1)
  3 kobolds (D:1)
  A frilled lizard (D:1)
  3 rats (D:1)
19 creatures vanquished.

Notes
Turn   | Place    | Note
-------+----------+-------------------------------------------
     0 | D:1      | Jorund the Demonspawn Gladiator began the quest for the
                  | Orb.
     0 | D:1      | Reached XP level 1. HP: 16/16 MP: 1/1
    65 | D:1      | Reached skill level 3 in Axes
   342 | D:1      | Gained mutation: Your flesh is cold resistant. (rC+)
                  | [demonic ancestry]
   342 | D:1      | Reached XP level 2. HP: 21/22 MP: 2/2
  1313 | D:1      | Gained mutation: When hurt, damage is shared between your
                  | health and your magic reserves. [demonic ancestry]
  1313 | D:1      | Reached XP level 3. HP: 21/28 MP: 3/3
  1314 | D:1      | Quit the game

Levels and vault maps discovered:
D:1:      saegor_arrival_simple_c, layout_basic, st_stairs_5

Skill      XL: |  1 |
---------------+----+-----
Axes           | 3 |  3.6
Fighting       | |  2.3
Throwing       | |  1.7
Armour         | |  0.1
Dodging        | |  2.6

Action                   || total
-------------------------++-------
Melee: War axe           ||    55
 Stab: Sleeping          ||     1
  Eat: Chunk             ||     1
Armor: Leather armour    ||    11
Dodge: Dodged            ||    51

Table legend:
 A = Non-vault XP
 B = Vault XP
 C = Vault XP percentage of total XP
 D = Non-vault monster count
 E = Vault monster count
 F = Vault count percentage of total count
                 A         B        C        D         E       F
            +---------+---------+-------+---------+---------+-------
      Total |      39 |       2 |   4.9 |      18 |       1 |   5.3
            +---------+---------+-------+---------+---------+-------
        D:1 |      39 |       2 |   4.9 |      18 |       1 |   5.3
            +---------+---------+-------+---------+---------+-------
